 Dungeon Crawl Stone Soup version 0.28-a0-1339-ga5422284a4 (webtiles) character file.

Game seed: 15029573600584456648

10528 Pooter the Cleaver (level 11, 0/99 HPs)
             Began as a Minotaur Berserker on Dec 28, 2021.
             Was a Priest of Trog.
             Slain by a large slime creature (10 damage)
             ... on level 10 of the Dungeon.
             The game lasted 00:58:59 (12421 turns).

Pooter the Cleaver (Minotaur Berserker)            Turns: 12421, Time: 00:58:59

Health: 0/99       AC: 18    Str: 24    XL:     11   Next: 37%
Magic:  10/10      EV:  7    Int:  6    God:    Trog [***...]
Gold:   781        SH:  0    Dex: 10    Spells: 10/10 levels left

rFire   . . .      SeeInvis .   a - +0 war axe
rCold   . . .      Faith    .   (no shield)
rNeg    . . .      Spirit   .   i - +2 plate armour
rPois   .          Reflect  .   (helmet restricted)
rElec   .          Harm     .   z - +0 cloak
rCorr   .          Rampage  .   (no gloves)
Will    ++...                   (no boots)
Stlth   ..........              (no amulet)
HPRegen 1.26/turn               s - +4 ring of protection
MPRegen 0.12/turn               (no ring)

@: strong-willed, on berserk cooldown, regenerating, slowed, studying Polearms,
very slow
A: horns 2, retaliatory headbutt
a: Renounce Religion, Berserk, Trog's Hand


You were on level 10 of the Dungeon.
You worshipped Trog.
Trog was most pleased with you.
You visited 2 branches of the dungeon, and saw 11 of its levels.

You collected 781 gold pieces.

Inventory:

Hand Weapons
 a - a +0 war axe (weapon)
   (You took it off Harold on level 8 of the Dungeon)
 b - a +0 hand crossbow
   (You took it off a kobold on level 4 of the Dungeon)
 o - a +0 hunting sling
   (You took it off a goblin on level 2 of the Dungeon)
 E - a +0 trident
   (You found it on level 6 of the Dungeon)
 H - a +0 whip of electrocution
   (You took it off an orc on level 7 of the Dungeon)
Missiles
 c - 22 poisoned darts (quivered)
 j - a throwing net {!f}
 l - 250 stones
 A - 4 boomerangs of dispersal {!f}
 B - 2 boomerangs
 C - 31 sling bullets
 F - 5 javelins
 L - a curare-tipped dart
 Q - 43 bolts
Armour
 i - a +2 plate armour (worn)
   (You took it off an orc warrior on level 10 of the Dungeon)
 z - a +0 cloak (worn)
   (You found it on level 5 of the Dungeon)
Jewellery
 s - a +4 ring of protection (left hand)
   (You found it on level 3 of the Dungeon)
Wands
 d - a wand of iceblast (22)
   (You found it on level 5 of the Dungeon)
 f - a wand of flame (16)
   (You found it on level 8 of the Dungeon)
 v - a wand of mindburst (10)
   (You found it on level 2 of the Dungeon)
 M - a wand of polymorph (10)
   (You found it on level 3 of the Dungeon)
Scrolls
 e - 3 scrolls of magic mapping
 g - 4 scrolls of immolation {!r}
 p - 2 scrolls of vulnerability {!r}
 r - 4 scrolls of fear
 t - 7 scrolls of teleportation {@r4}
Potions
 h - 3 potions of curing {unknown}
 k - 7 potions of flight
 m - a potion of cancellation {unknown}
 q - a potion of magic {unknown}
 u - a potion of lignification {unknown}
 w - a potion of mutation {unknown}
 x - a potion of haste {unknown}
 D - a potion of invisibility {unknown}
 G - 2 potions of might {unknown}
 I - a potion of brilliance {unknown}
 J - 2 potions of degeneration {unknown}
 K - a potion of attraction {unknown}


   Skills:
 + Level 9.8 Fighting
 * Level 13.3(14.1) Axes
 + Level 7.3(11.3) Polearms
 * Level 9.9 Crossbows
 - Level 2.4 Armour
 - Level 2.1 Dodging
 + Level 6.3 Evocations


You had 10 spell levels left.
You didn't know any spells.
Your spell library was empty.

Dungeon Overview and Level Annotations

Branches:
Dungeon (10/15)            Temple (0/1) D:5             Orc (1/2) D:10
   Lair: D:8-11

Altars:
Cheibriados
Dithmenos
Elyvilon
Okawaru
Sif Muna
Trog
Vehumet
Wu Jian
Yredelemnul
Beogh

Shops:
D:5 (

Annotations:
D:8 exclusion: statue
D:10 2 runed translucent doors, exclusion: orange crystal statue


Innate Abilities, Weirdness & Mutations

You have a pair of horns on your head.
You reflexively headbutt those who attack you in melee.


Message History

As you read the scroll of blinking, it crumbles to dust.
Two slime creatures merge to form a large slime creature.
The gnoll hits you but does no damage.
The gnoll sergeant hits you but does no damage.
You feel much better.
You feel the effects of Trog's Hand fading.
The gnoll sergeant barely misses you.
The gnoll sergeant hits you but does no damage.
The gnoll hits you but does no damage.
The gnoll sergeant hits you but does no damage.
You barely miss the gnoll sergeant. The gnoll sergeant closely misses you.
You furiously retaliate!
You headbutt the gnoll sergeant, but do no damage.
You slash the gnoll sergeant! The gnoll hits you but does no damage.
Your skin stops crawling.
You feel less strong-willed.
Two slime creatures merge to form a large slime creature.
Found ice dragon scales.
Found 13 gold pieces.
The large slime creature hits you!
The large slime creature hits you but does no damage.
Two slime creatures merge to form a very large slime creature.
A very large slime creature splits.
The slime creature hits you but does no damage.
You see here +0 ice dragon scales.
Your skin crawls.
You feel strong-willed. The large slime creature hits you!
The slime creature hits you. The large slime creature hits you!!
* * * LOW HITPOINT WARNING * * *
The slime creature hits you but does no damage.
You hit the large slime creature but do no damage.
You slash the slime creature!
A large slime creature splits.
The slime creature barely misses you.
Unknown command.
You hit the slime creature. x2; You completely miss the slime creature.
The gnoll sergeant hits you from afar with a +0 spear.
* * * LOW HITPOINT WARNING * * *
The slime creature hits you but does no damage.
The slime creature hits you.
* * * LOW HITPOINT WARNING * * *
The slime creature hits you!
* * * LOW HITPOINT WARNING * * *
Two slime creatures merge to form a large slime creature.
The slime creature closely misses you.
Aim: a large slime creature (lightly wounded, 94% to hit)
The puff of flame misses the large slime creature.
The slime creature hits you!
* * * LOW HITPOINT WARNING * * *
The large slime creature hits you!
You die...

8). #.. 8..!.y #..
#8...8 #.###
.#8#8# #... ......
#..# ...... #..#
...... #..# .....#
#@.# .# (.. # #JJ#
.# ##.# # #gg#
#.#.##.# #
#gg######.#.##.# #
#...........)?.###
#.#######......JJ.
#.# #......J...
#.######.#.######.
#...Jg.gg..# #.


You could see a large slime creature, a slime creature, a gnoll sergeant and 3
gnolls.

Vanquished Creatures
  Harold (D:8)
  A boulder beetle (D:7)
  Erica (D:8)
  2 two-headed ogres (D:7)
  Pikel (D:8)
  An orc sorcerer (Orc:1)
  A cyclops (D:7)
  A centaur zombie (D:10)
  A blink frog (D:6)
  A slime creature (D:10)
  3 yaks (D:9)
  A water moccasin (D:5)
  10 orc warriors
  3 ice beasts
  A black bear (D:5)
  7 ogres
  8 centaurs
  A lemure (D:8)
  A phantom (D:6)
  2 kobold brigands (D:8)
  3 bullfrogs
  7 scorpions
  A wyvern zombie (D:5)
  A killer bee (D:7)
  3 wights (D:7)
  7 howler monkeys
  A bullfrog zombie (D:6)
  3 jellies
  8 orc priests
  2 bullfrog skeletons
  A hound (D:6)
  A centaur skeleton (D:6)
  3 gnoll shamans
  Natasha (thrice) (D:2)
  Terence (D:2)
  2 iguanas
  8 orc wizards
  A hound zombie (D:3)
  A howler monkey zombie (D:3)
  Robin (D:2)
  16 gnolls
  6 adders
  A shadow imp (D:5)
  An adder zombie (D:3)
  2 adder skeletons
  A worm (D:4)
  A dart slug (D:5)
  25 orcs
  4 bats
  4 endoplasms
  A giant cockroach (D:2)
  15 goblins
  8 hobgoblins
  7 jackals
  2 quokkas (D:1)
  9 ball pythons
  2 frilled lizards
  A giant cockroach zombie (D:3)
  12 kobolds
  A quokka skeleton (D:3)
  12 rats
237 creatures vanquished.

Notes
Turn   | Place    | Note
-------+----------+-------------------------------------------
     0 | D:1      | Pooter the Minotaur Berserker began the quest for the Orb.
     0 | D:1      | Reached XP level 1. HP: 19/19 MP: 0/0
    20 | D:1      | Found a faded altar of an unknown god.
    28 | D:1      | Reached skill level 4 in Axes
   150 | D:1      | Reached XP level 2. HP: 21/27 MP: 1/1
   709 | D:1      | Reached XP level 3. HP: 33/33 MP: 2/2
   899 | D:1      | Reached ** piety under Trog
  1204 | D:2      | Noticed Natasha
  1207 | D:2      | Killed Natasha
  1208 | D:2      | Reached skill level 5 in Axes
  1210 | D:2      | Reached XP level 4. HP: 41/41 MP: 3/3
  1375 | D:2      | Noticed a scorpion
  1381 | D:2      | Killed a scorpion
  1382 | D:2      | Reached skill level 6 in Axes
  1392 | D:2      | Reached XP level 5. HP: 47/47 MP: 4/4
  1472 | D:2      | Noticed Natasha
  1478 | D:2      | Killed Natasha
  1479 | D:2      | Reached skill level 5 in Fighting
  1642 | D:2      | Noticed Robin
  1652 | D:2      | Killed Robin
  1803 | D:2      | Noticed Terence
  1812 | D:2      | Killed Terence
  2105 | D:2      | Noticed Natasha
  2110 | D:2      | Killed Natasha
  2111 | D:2      | Reached skill level 1 in Evocations
  2414 | D:3      | Reached XP level 6. HP: 56/56 MP: 5/5
  2498 | D:3      | Found a bloodstained altar of Trog.
  2610 | D:3      | Reached *** piety under Trog
  2621 | D:3      | Found an ornate altar of the Wu Jian Council.
  2647 | D:3      | Reached skill level 7 in Axes
  3143 | D:4      | Reached XP level 7. HP: 37/63 MP: 6/6
  3344 | D:4      | Reached skill level 8 in Axes
  3522 | D:4      | Found a snail-covered altar of Cheibriados.
  3567 | D:5      | Entered Level 5 of the Dungeon
  3640 | D:5      | Found a large runed translucent door.
  3641 | D:5      | Found a large runed translucent door.
  3661 | D:5      | Reached skill level 1 in Crossbows
  4015 | D:5      | Found a staircase to the Ecumenical Temple.
  4079 | D:5      | Found Kanturoe's Antique Weapon Emporium.
  4127 | D:5      | Reached XP level 8. HP: 71/71 MP: 7/7
  4148 | D:5      | Reached skill level 9 in Axes
  4222 | D:5      | Found an iron altar of Okawaru.
  4239 | D:5      | Found a white marble altar of Elyvilon.
  5032 | D:6      | Reached skill level 10 in Axes
  5032 | D:6      | Reached skill level 5 in Crossbows
  5312 | D:6      | Found a shadowy altar of Dithmenos.
  5317 | D:6      | Reached XP level 9. HP: 79/79 MP: 8/8
  5740 | D:7      | Noticed a two-headed ogre
  6206 | D:7      | Killed a two-headed ogre
  6213 | D:7      | Noticed a cyclops
  6373 | D:7      | Killed a cyclops
  6374 | D:7      | Reached skill level 11 in Axes
  6615 | D:7      | Noticed a two-headed ogre
  6627 | D:7      | Killed a two-headed ogre
  6628 | D:7      | Reached skill level 5 in Evocations
  6628 | D:7      | Reached XP level 10. HP: 60/90 MP: 9/9
  6697 | D:7      | Noticed a boulder beetle
  6883 | D:7      | Noticed Prince Ribbit
  6894 | D:7      | Noticed Prince Ribbit
  6894 | D:7      | Prince Ribbit changed into Prince Ribbit the blink frog
  6905 | D:6      | Killed Prince Ribbit the blink frog
  7564 | D:7      | Killed a boulder beetle
  7565 | D:7      | Reached skill level 12 in Axes
  7984 | D:8      | Found a shimmering blue altar of Sif Muna.
  8210 | D:8      | Noticed Erica
  8228 | D:8      | Killed Erica
  8337 | D:8      | Reached skill level 5 in Polearms
  8774 | D:8      | Noticed Maurice
  8775 | D:8      | Noticed Maurice
  8775 | D:8      | Maurice changed into Maurice the scorpion
  8778 | D:8      | Killed Maurice the scorpion
  8969 | D:8      | Noticed Pikel
  8978 | D:8      | Killed Pikel
  9081 | D:8      | Noticed Harold
  9093 | D:8      | Killed Harold
  9453 | D:8      | Found a radiant altar of Vehumet.
  9504 | D:8      | Upgraded the game from 0.28-a0-1312-g71652a0310 to
                  | 0.28-a0-1339-ga5422284a4
  9548 | D:9      | Reached XP level 11. HP: 95/97 MP: 10/10
 10352 | D:10     | Entered Level 10 of the Dungeon
 10413 | D:10     | Reached skill level 13 in Axes
 10562 | D:10     | Found a staircase to the Orcish Mines.
 10774 | D:10     | Found a runed translucent door.
 10802 | Orc:1    | Entered Level 1 of the Orcish Mines
 11117 | Orc:1    | Noticed an orc sorcerer
 11119 | Orc:1    | Killed an orc sorcerer
 11415 | Orc:1    | Noticed an orc knight
 12009 | D:10     | Found a basalt altar of Yredelemnul.
 12220 | D:10     | Noticed an orange crystal statue
 12268 | D:10     | Found a runed translucent door.
 12421 | D:10     | Slain by a large slime creature

Illustrated notes

Levels and vault maps discovered:
D:1:      giann_horns, layout_basic, hellmonk_ecumenical_altar_dog_temple,
          minmay_rat_gold_closets
D:2:      layout_basic, uniq_natasha, uniq_robin, uniq_terence
D:3:      layout_rooms, amcnicky_altar_gilded, mainiacjoe_overflow_alcove_4,
          serial_undead, serial_undead_c, serial_undead_e, serial_undead_b,
          serial_undead_d, serial_undead_a, serial_undead_e, serial_undead_b,
          serial_undead_a, serial_undead_a, serial_undead_f,
          kennysheep_minor_cross
D:4:      layout_rooms, slow_altar_1
D:5:      layout_rooms, jmf_multi_god_temple2, minmay_temple_entry_glassed_door,
          serial_shops, nicolae_shop_overgrown_old_shop
D:6:      layout_loops_ring, grunt_dithmenos_shadows, hangedman_minor_gate_pass
D:7:      layout_basic, minmay_manual_mail, uniq_prince_ribbit1
D:8:      layout_gridville, kennysheep_mini, vehumet_statue,
          hangedman_decor_points, uniq_harold, uniq_erica, uniq_pikel,
          uniq_maurice
D:9:      layout_long_grid, minmay_misc_feat_tiny
D:10:     lemuel_insect_pit, layout_loops_ring,
          mainiacjoe_overflow_concentric_impassable, lair_entry_dummy,
          minmay_orc_entry_temple_small, kennysheep_small_spiral,
          minmay_statue_bubble
Orc:1:    layout_caves, basic_altar

Skill      XL: |  1  2  3  4  5  6  7  8  9 10 11 |
---------------+----------------------------------+-----
Axes           | 4 5 6 7 8 10 11 12 13 | 13.3
Fighting       | 4 5 6 7 8 9 |  9.8
Evocations     | 1 2 4 5 6 |  6.3
Crossbows      | 2 5 7 9 |  9.9
Polearms       | 2 6 7 |  7.3
Armour         | |  2.4
Dodging        | |  2.1

Action                   |  1- 3 |  4- 6 |  7- 9 | 10-12 || total
-------------------------+-------+-------+-------+-------++-------
Melee: Hand axe          |    58 |   101 |   108 |    62 ||   329
       Headbutt          |     8 |    18 |    23 |    53 ||   102
       Whip              |       |       |       |    69 ||    69
       War axe           |       |       |       |    92 ||    92
 Fire: Hunting sling     |       |    36 |     5 |       ||    41
       Hand crossbow     |       |       |    80 |    83 ||   163
Throw: Dart              |    19 |     6 |       |    10 ||    35
Invok: Berserk           |     2 |     6 |     9 |    13 ||    30
       Trog's Hand       |       |     3 |     3 |    12 ||    18
Evoke: Wand              |       |       |     4 |    24 ||    28
  Use: Scroll            |       |     3 |     5 |     7 ||    15
       Potion            |       |       |       |     1 ||     1
 Stab: Sleeping          |     1 |     1 |       |       ||     2
Armor: Animal skin       |     8 |     2 |       |       ||    10
       Scale mail        |       |    27 |       |       ||    27
       Chain mail        |       |       |    77 |    84 ||   161
       Plate armour      |       |       |       |    35 ||    35
Dodge: Dodged            |    42 |    45 |    56 |    60 ||   203

Table legend: (Time is in decaauts)
 A = Elapsed time spent in this place.
 B = Non-inter-level travel time spent in this place.
 C = Inter-level travel time spent in this place.
 D = Time resting spent in this place.
 E = Time spent auto-exploring this place.
 F = Levels seen in this place.
 G = Mean time per level.
                   A        B        C        D        E       F      G
               +--------+--------+--------+--------+--------+-----+--------+
         Total |  12648 |  12463 |    185 |   4324 |   6087 |  11 | 1149.8 |
       Dungeon |  12284 |  12099 |    185 |   4321 |   5882 |  10 | 1228.4 |
  Orcish Mines |    364 |    364 |      0 |      3 |    205 |   1 |  364.0 |
               +--------+--------+--------+--------+--------+-----+--------+

Top non-repeatable levels by time:
     D:6: 2380 daAuts
    D:10: 1724 daAuts
     D:8: 1637 daAuts
     D:7: 1262 daAuts
     D:2: 1246 daAuts
     D:1: 1187 daAuts
     D:9: 822 daAuts
     D:5: 807 daAuts
     D:4: 691 daAuts
     D:3: 524 daAuts
   Orc:1: 364 daAuts
